Unix NetHack Version 3.7.0-61 Work-in-progress - last build Jul 22 2022 01:17:04 (76b68a5543021f85d9193291e0cc6e7301e83a09,branch:master). Game began 2022-07-26 09:45:13, ended 2022-07-27 21:44:15. spontiff, neutral male gnomish Healer ------ ------- ---------- ---- ------|...(| ----- -----.....----........| --..------- |...|.-....| ---...--- --..|...--......|...{..+ -+-----.........| |...|.|....| --.......-----|...|....|--------.....| |..............-- |-|--.--------|.....)...--..|........|------ |.--|-- -----.....{....----.............---...G.......|-...|...-|...$| |.| . .-...............-+---.-----..-|..........-|....|-...-....| |.| .--..)......|..--|..|..|--.....|-....|.....|..---...-|....| |.------- --.---...-|...-|..|..|-...|..---...|.--..|...|....|------ |.......-- ---|--------....-------...---......-|.|------....--- -----------...| |....| |........|...|...........---|.|..|--....... |..[....$.|...| |.!%.| --...)..---...|.......----- |.|..||...{....---|.........|..-- ------ |..|..........|..---.-- ---|.-..|-.......-|..--------|--..-- -----..|....|.....|--- |.| |..|.----........--................| ----.|....|..----...-- |.| |..|......---|-.....-.--........--+- --|.....(...|--- ----- ---|--- |..-.-------..|..---|..|--|-..--- --.|-.....---- ---- |.....| ------ --....|--- |..|...|-.| --..|....|.---------|..| |.f@..| |>..[.| --|---|--.----+- |.....---|.......[.--..| |..@..| ------- |.(..)........| |<.+--- ------.......-- ------- --------------- ----- --------- Spontiff the Rhizotomist St:9 Dx:12 Co:17 In:7 Wi:15 Ch:16 Neutral S:300 Dlvl:5 $:288 HP:22(22) Pw:0(0) AC:-8 Xp:1/0 T:5933 Burdened Latest messages: What do you want to use or apply? [befj-losxFRSX-Z or ?*] o You produce a strange whistling sound. Your large cat appears. The giant rat misses! The giant rat misses! The large cat bites the giant rat. The giant rat is killed! The large cat bites the giant rat. The giant rat misses the large cat. The large cat bites the giant rat. The giant rat is killed! Where do you want to travel to? (For instructions type a '?') You hear the splashing of a naiad. "Pilgrim, you enter a sacred place!" You experience a sense of peace. You are beginning to feel hungry. What do you want to eat? [npwyTU or ?*] T Blecch! Rotten food! The world spins and goes dark. You are conscious again. What do you want to eat? [npwyTU or ?*] T You resume your meal. You finish eating the cram ration. There is an amber flash as a potion of full healing hits the altar. A copper ring lands on the altar. An ivory ring named !c lands on the altar. You have a little trouble lifting h - a blessed potion of full healing. You have a little trouble lifting t - an uncursed copper ring. You have a little trouble lifting a - an uncursed ivory ring named !c. What do you want to name? [a-zA-SU-Z or ?*] a What do you want to name this ivory ring named !c? What do you want to drop? [$a-zA-SU-Z or ?*] f There is a black flash as a cursed bag called holding hits the altar. You have a little trouble lifting f - a cursed bag called holding. What do you want to drop? [$a-zA-SU-Z or ?*] m 3 uncursed potions called water land on the altar. Are you sure you want to pray? [yn] (n) n There is an altar to Hermes (neutral) here. You see here 3 uncursed potions called water. Are you sure you want to pray? [yn] (n) y You begin praying to Hermes. You finish your prayer. The voice of Hermes booms: "Thou art arrogant, mortal." "Thou must relearn thy lessons!" You feel foolish! #oh ffs: unknown extended command. Really quit? (yes) [no] yes Do you want your possessions identified? [ynq] (y) q Major events: Turn 1: spontiff the neutral male gnomish Healer entered the dungeon 863: entered the Gnomish Mines 4976: reached Mine Town 5445: made his first wish - "blessed +2 silver dragon scale mail", got "a silver dragon scale mail" 5933: quit Inventory: Armor g - an uncursed +1 pair of leather gloves (being worn) Q - an uncursed +0 pair of kicking boots v - an uncursed +0 pair of low boots (being worn) r - an uncursed +0 small shield (being worn) V - an uncursed +0 cloak of displacement B - an uncursed +0 cloak of invisibility K - a cursed +0 cloak of magic resistance q - an uncursed +0 cloak of protection (being worn) P - an uncursed +0 cloak of protection C - an uncursed +0 Hawaiian shirt with a tropical fish motif A - an uncursed +0 Hawaiian shirt with a ukulele motif d - a blessed +2 silver dragon scale mail (being worn) Comestibles y - an uncursed apple n - 4 uncursed food rations U - 2 cursed food rations p - an uncursed tripe ration w - 2 cursed tripe rations Scrolls N - an uncursed scroll of enchant armor M - an uncursed scroll of enchant weapon W - a blessed scroll of fire O - an uncursed scroll of fire i - an uncursed scroll of remove curse Potions c - 3 uncursed potions of extra healing h - a blessed potion of full healing D - 4 uncursed potions of healing named SMOKY Rings t - an uncursed ring of free action H - a cursed -2 ring of gain strength G - a cursed +1 ring of protection a - an uncursed ring of protection from shape changers L - an uncursed ring of regeneration J - a cursed ring of shock resistance E - an uncursed ring of stealth z - a cursed ring of teleport control Wands l - a cursed wand of digging (0:3) R - an uncursed wand of locking (0:5) F - an uncursed wand of polymorph (0:4) Z - an uncursed wand of sleep (0:7) S - an uncursed wand of sleep (0:1) e - a cursed wand of striking (0:5) Tools f - a cursed bag of holding containing 4 items Y - an uncursed can of grease (0:21) j - a cursed expensive camera (0:65) k - an uncursed lock pick x - a cursed magic lamp (lit) o - an uncursed magic whistle b - a cursed magic whistle X - a blessed oil lamp s - an uncursed stethoscope Gems/Stones u - a cursed chrysoberyl stone I - an uncursed worthless piece of yellow glass Contents of the bag of holding: an uncursed scroll of amnesia an uncursed scroll of enchant armor a cursed potion of monster detection a cursed potion of levitation Spontiff the Healer's attributes: Background: You were a Rhizotomist, a level 1 male gnomish Healer. You were neutral, on a mission for Hermes who was opposed by Athena (lawful) and Poseidon (chaotic). You were in the Gnomish Mines, on level 5. You entered the dungeon 5933 turns ago. There was a new moon in effect when your adventure ended. You had 0 experience points, 20 were needed to attain level 2. Your score was 300 before end-of-game adjustments. Basics: You had all 22 hit points. You had no energy points (spell power). Your armor class was -8. Your wallet contained 288 zorkmids. Autopickup was on for '$!/="?' plus thrown, with exceptions. Final Characteristics: Your strength was 9 (limit:18/50). Your dexterity was 12 (limit:18). Your constitution was 17 (limit:18). Your intelligence was 7 (limit:19). Your wisdom was 15 (peak:16, limit:18). Your charisma was 16 (limit:18). Final Status: You were not hungry. You were burdened; movement was slightly slowed. You were empty handed. You were unskilled in bare handed combat. Final Attributes: You were devoutly aligned. You were poison resistant. You had infravision. You were protected. You had reflection. You were unlucky. Hermes was angry with you. You survived. Miscellaneous: You encountered 1 bones level. Total elapsed playing time was 1 hour, 20 minutes and 10 seconds. Vanquished creatures: a ghost 4 watchmen a quivering blob 3 fire ants a wood nymph a shrieker 4 gnome leaders 3 little dogs a floating eye 5 dwarves a dwarf zombie a werejackal an iguana 4 acid blobs 2 coyotes a gas spore 4 hobbits 4 manes a large kobold 7 giant rats a cave spider 2 brown molds 2 yellow molds a red mold 7 gnomes 5 geckos 5 jackals 2 foxes 4 kobolds 4 goblins 5 sewer rats 13 grid bugs 4 lichens 5 kobold zombies 13 newts 123 creatures vanquished. No species were genocided or became extinct. Voluntary challenges: You never hit with a wielded weapon. You were a pacifist. You read items or engraved 1 time. You never engraved Elbereth. You never genocided any monsters. You never polymorphed an object. You never changed form. You used 1 wish. You did not wish for any artifacts. Achievements: You entered a shop. You entered the Gnomish Mines. You entered Minetown. You entered a temple. The Dungeons of Doom: levels 1 to 7 Level 1: Level 2: A bookstore, a fountain. Stairs down to The Gnomish Mines. Level 3: A fountain. Level 4: An armor shop, a fountain. Level 5: Level 6: A potion shop, a fountain. Level 7: "Stashlet" The Gnomish Mines: levels 3 to 6 Level 3: Level 4: Level 5: <- You were here. Many shops, a temple to Hermes, many fountains, a grave. Final resting place for Grasshopper-Wiz-Hum-Fem-Neu, killed by a fire ant. Level 6: Goodbye spontiff the Healer... You quit in The Gnomish Mines on dungeon level 5 with 300 points, and 288 pieces of gold, after 5933 moves. You were level 1 with a maximum of 22 hit points when you quit.